 Dungeon Crawl Stone Soup version 0.29-a0-284-gf9362112df (webtiles) character file.

Game seed: 495278164119656770

129449 testman the Warrior (level 16, -2/171 (185) HPs)
             Began as a Troll Monk on Mar 24, 2022.
             Was the Champion of Makhleb.
             Slain by Mlioglotl (13 damage)
             ... on level 1 of the Spider Nest.
             The game lasted 01:54:23 (24460 turns).

testman the Warrior (Troll Monk)                   Turns: 24460, Time: 01:54:24

HP:   -2/171 (185)  AC: 21    Str: 35    XL:     16   Next: 50%
MP:   27/27         EV:  8    Int:  9    God:    Makhleb [******]
Gold: 2213          SH:  0    Dex: 12    Spells: 15/15 levels left

rFire   x . .      SeeInvis .     - Unarmed
rCold   + + .      Faith    .   (no shield)
rNeg    . . .      Spirit   .   Y - +2 ice dragon scales
rPois   +          Reflect  +   U - +2 hat {Int+3}
rElec   .          Harm     .   V - +5 cloak of the Valley of Death {Stlth+}
rCorr   .          Rampage  .   (gloves unavailable)
Will    +....                   (boots unavailable)
Stlth   ..........              N - amulet of reflection
HPRegen 1.18/turn               j - ring of poison resistance
MPRegen 0.20/turn               H - +6 ring of strength

@: confused, afraid, drained
A: large, unfitting armour, claws 3, regeneration 1, shaggy fur 1, tough skin 1
a: Renounce Religion, Minor Destruction, Lesser Servant of Makhleb, Major
Destruction, Greater Servant of Makhleb


You were on level 1 of the Spider Nest.
You worshipped Makhleb.
Makhleb was exalted by your worship.
You visited 4 branches of the dungeon, and saw 24 of its levels.
You also visited: Sewer, Ossuary, Bailey, Gauntlet, Ice Cave and Volcano.

You collected 2558 gold pieces.
You spent 345 gold pieces at shops.

Inventory:

Hand Weapons
 f - a +1 hunting sling of freezing
Missiles
 a - 3 silver boomerangs
 m - 2 atropa-tipped darts
 w - 15 large rocks
 F - 3 throwing nets
 P - 5 curare-tipped darts
 X - 8 silver javelins
Armour
 U - a +2 hat of intelligence (worn)
 V - the +5 cloak of the Valley of Death (worn) {Stlth+}
   (You found it in a Gauntlet)

   Stlth:     It makes you more stealthy.
 Y - +2 ice dragon scales (worn)
Jewellery
 j - a ring of poison resistance (left claw)
 v - a ring of willpower
 H - a +6 ring of strength (right claw)
 N - an amulet of reflection (around neck)
 Q - a ring of resist corrosion
Wands
 i - a wand of mindburst (7)
 n - a wand of flame (42)
 r - a wand of paralysis (3)
 G - a wand of iceblast (22)
 J - a wand of polymorph (27)
 O - a wand of digging (11)
 S - a wand of charming (5)
Scrolls
 d - 4 scrolls of fear
 e - a scroll of immolation
 k - a scroll of magic mapping
 l - a scroll of silence
 o - 8 scrolls of teleportation
 p - 7 scrolls of blinking
 t - a scroll of fog
 y - a scroll of enchant weapon
 E - a scroll of holy word
Potions
 b - 13 potions of ambrosia
 c - a potion of lignification
 g - 2 potions of berserk rage
 h - 9 potions of heal wounds
 q - 3 potions of might
 s - 10 potions of brilliance
 u - 6 potions of curing
 x - 5 potions of haste
 z - 5 potions of invisibility
 A - 5 potions of magic
 B - a potion of flight
 C - 8 potions of mutation
 T - a potion of resistance
Miscellaneous
 K - a piece from Xom's chessboard (15/15)
 M - a condenser vane


   Skills:
 + Level 18.2 Fighting
 - Level 2.4 Dodging
 - Level 1.0 Stealth
 + Level 17.7 Unarmed Combat
 + Level 16.1 Invocations


You had 15 spell levels left.
You didn't know any spells.
Your spell library contained the following spells:

 Spells                   Type           Power      Damage    Failure   Level
 Animate Skeleton         Necr           0%         N/A       67%         1
 Beastly Appendage        Tmut           0%         N/A       67%         1
 Pain                     Necr           0%         1d4       67%         1
 Slow                     Hex            0%         N/A       67%         1
 Sting                    Tmut/Pois      0%         1d3       67%         1
 Summon Small Mammal      Summ           0%         N/A       67%         1
 Poisonous Vapours        Pois/Air       0%         N/A       80%         2
 Wereblood                Tmut           0%         N/A       80%         2
 Confusing Touch          Hex            0%         N/A       95%         3
 Gell's Gravitas          Tloc           0%         N/A       95%         3
 Ignite Poison            Fire/Tmut/Pois 0%         N/A       95%         3
 Lesser Beckoning         Tloc           0%         N/A       95%         3
 Mephitic Cloud           Conj/Pois/Air  0%         N/A       95%         3
 Spider Form              Tmut/Pois      0%         N/A       95%         3
 Teleport Other           Tloc           0%         N/A       95%         3
 Tukima's Dance           Hex            0%         N/A       95%         3
 Vampiric Draining        Necr           0%         2d6       95%         3
 Anguish                  Hex/Necr       0%         N/A       100%        4
 Olgreb's Toxic Radiance  Pois           0%         N/A       100%        4
 Summon Lightning Spire   Summ/Air       0%         N/A       100%        4
 Fireball                 Conj/Fire      0%         3d3       100%        5
 Freezing Cloud           Conj/Ice/Air   0%         6-21      100%        5
 Iskenderun's Battlesphe  Conj           0%         2d6       100%        5
 Conjure Ball Lightning   Conj/Air       0%         3x3d6     100%        6
 Iron Shot                Conj/Erth      0%         9d1       100%        6
 Enfeeble                 Hex            0%         N/A       100%        7
 Malign Gateway           Summ/Tloc      0%         N/A       100%        7
 Orb of Destruction       Conj           0%         9d5       100%        7
 Spellforged Servitor     Conj/Summ      0%         N/A       100%        7
 Storm Form               Tmut/Air       0%         N/A       100%        7
 Maxwell's Capacitive Co  Air            0%         ∞         100%        8


Dungeon Overview and Level Annotations

Branches:
Dungeon (15/15)            Temple (0/1) D:5            Lair (6/6) D:10
 Shoals (0/4) Lair:3       Spider (1/4) Lair:3        Slime (0/5) Lair:6
    Orc (2/2) D:9             Elf (0/3) Orc:2        Vaults (0/5) D:13
 Depths (0/4) D:15          Sewer (visited)         Ossuary (visited)
 Bailey (visited)           IceCv (visited)         Volcano (visited)
Gauntlet (visited)

Altars:
Dithmenos
Gozag
Hepliaklqana
Kikubaaqudgha
Makhleb
Sif Muna
Trog
Uskayaw
Wu Jian
Yredelemnul
Zin
The Shining One
Beogh
Jiyva

Shops:
D:4 !*   D:14 (   Orc:1 [   Orc:2 (?(?

Annotations:
Lair:2 2 transporters, Pegaph's ghost, journeyman PaAM
Lair:4 3 runed translucent doors, sokol815's ghost, journeyman DsMo
Spider:1 Mlioglotl


Innate Abilities, Weirdness & Mutations

You are too large for most types of armour.
You have claws for hands.
Your natural rate of healing is unusually fast.
You are covered in fur. (AC +1)
You have tough skin. (AC +1)


Message History

The golden eye turns its gaze towards you.
In your confused state, you trip and fall back down the stairs.
The raiju barks!
The redback bites you! The pharaoh ant bites you!
You feel drained. The tarantella touches you!
The moth of wrath closely misses you. The golden eye blinks at you.
You are more confused.
Your magical effects are unravelling.
You feel magically purged.
You feel less confused.
The tarantella touches you but does no damage.
You block the pharaoh ant's attack. The tarantella touches you!
The moth of wrath bites you but does no damage.
The demonic crawler shrieks in warning! x2; Mlioglotl churns violently!
Mlioglotl radiates an aura of fear!
You are terrified of Mlioglotl!
The pharaoh ant bites you but does no damage.
The raiju pauses to sniff the ground.
You hear a shout!
The tarantella touches you.
You are confused.
The tarantella barely misses you. The moth of wrath bites you!
The golden eye blinks!
The pharaoh ant bites you!!
* * * LOW HITPOINT WARNING * * *
You feel drained.
* * * LOW HITPOINT WARNING * * *
Mlioglotl hits you but does no damage. Mlioglotl tramples you.
* * * LOW HITPOINT WARNING * * *
You hold your ground!
The tarantella touches you!
* * * LOW HITPOINT WARNING * * *
The moth of wrath bites you but does no damage.
In your confused state, you trip and fall back down the stairs.
* * * LOW HITPOINT WARNING * * *
The tarantella touches you but does no damage.
The golden eye blinks at you.
You are more confused.
The pharaoh ant bites you.
* * * LOW HITPOINT WARNING * * *
Mlioglotl hits you!
You die...

........... .
#.......... ..
#..........
...##..G.......
.....#.......
.....hss...##
....swBs....#
....ssX@y.#
....###.#..# #
### ##


You could see Mlioglotl (strong, scary), a steelbarb worm, 2 demonic crawlers, a
wolf spider, a moth of wrath, a raiju (summoned), a pharaoh ant, 2 tarantellas,
a redback (berserk) and a golden eye (summoned).

Vanquished Creatures
  Kirke (D:13)
  An orc warlord (Orc:2)
  A very ugly thing (D:14)
  An entropy weaver (Lair:3)
  Snorg (D:14)
  A great orb of eyes (D:15)
  2 vault guards (Bailey)
  Harold (Lair:2)
  5 boulder beetles
  10 hydras
  A rakshasa (D:15)
  A radroach (Lair:3)
  A catoblepas (Lair:3)
  A merfolk avatar (Lair:6)
  5 centaur warriors
  An anaconda (Lair:4)
  An alligator (Lair:4)
  5 two-headed ogres
  3 tengu warriors
  16 death yaks
  4 orc high priests (Orc:2)
  Sonja (D:10)
  Amaemon (Lair:1)
  2 fire crabs
  A sixfirhy (Gauntlet)
  A steelbarb worm (Lair:3)
  An orb spider (Lair:3)
  2 sea snakes (Lair:6)
  A harpy (Lair:6)
  2 wizards
  3 orc knights (Orc:2)
  2 deep elf pyromancers
  A lindwurm (Volcano)
  18 ugly things
  A wolf spider (Lair:3)
  5 orc sorcerers (Orc:2)
  4 cyclopes
  A faun (Lair:5)
  A wolf spider (shapeshifter) (D:15)
  8 slime creatures
  6 manticores
  An elephant (shapeshifter) (D:14)
  A moth of wrath (shapeshifter) (D:13)
  A water nymph (shapeshifter) (D:14)
  3 ice statues (IceCv)
  9 elephants (Lair:6)
  11 black mambas
  12 cane toads
  A gargoyle (D:11)
  2 molten gargoyles (Volcano)
  An orange demon (Lair:1)
  A minotaur zombie (Gauntlet)
  2 rime drakes (Lair:4)
  An unseen horror (D:12)
  2 ice devils (Lair:5)
  Psyche (D:9)
  14 komodo dragons
  2 tengu conjurers (D:15)
  An anaconda simulacrum (IceCv)
  A demonic crawler (Lair:3)
  A queen bee (Lair:5)
  A tarantella (Spider:1)
  A merfolk (Lair:3)
  4 meliai
  10 trolls
  2 polar bears (shapeshifter)
  A hornet (D:9)
  3 polar bears (Lair:6)
  Prince Ribbit (Bailey)
  10 blink frogs
  9 dream sheep
  4 shadows
  A jumping spider (Lair:3)
  4 water elementals (D:14)
  41 yaks
  3 hogs (D:13)
  A culicivora (Lair:3)
  5 wraiths
  5 wyverns
  Eustachio (D:6)
  4 humans (Bailey)
  10 basilisks
  A basilisk (shapeshifter) (D:13)
  7 fire bats (Volcano)
  4 redbacks (Lair:3)
  4 steam dragons
  2 death yak simulacra (IceCv)
  11 vampire mosquitoes
  5 wargs
  A harpy simulacrum (IceCv)
  2 acid dragons (D:11)
  A hell hound (Volcano)
  15 water moccasins
  3 black bears
  2 ice beasts (D:7)
  2 sky beasts (D:6)
  27 orc warriors
  45 wolves
  16 ogres
  10 centaurs
  6 elf zombies
  A kobold brigand (D:9)
  15 bullfrogs
  An elf skeleton (D:4)
  A gnoll sergeant (D:13)
  4 scorpions
  A cane toad simulacrum (IceCv)
  7 wights
  29 killer bees
  9 howler monkeys
  A vampire bat (D:4)
  An elephant simulacrum (IceCv)
  15 electric eels
  2 centaur zombies (Ossuary)
  6 human zombies
  6 lava snakes (Volcano)
  2 jellies
  29 orc priests
  Crazy Yiuf (D:2)
  2 hounds
  2 gnoll shamans (D:7)
  2 human skeletons (D:4)
  17 orc wizards
  3 mummies (Ossuary)
  9 adders
  25 gnolls
  2 shadow imps
  2 white imps
  6 ufetubi
  3 worms
  2 dart slugs (D:1)
  89 orcs
  6 endoplasms
  3 giant cockroaches
  12 hobgoblins
  11 jackals
  16 kobolds
  6 ball pythons
  14 bats
  3 frilled lizards (D:1)
  12 goblins
  An orc skeleton (D:4)
  4 rats
861 creatures vanquished.

Vanquished Creatures (collateral kills)
  A minotaur (Gauntlet)
  2 hydras
  An orc sorcerer (Orc:2)
  A wolf spider (Lair:3)
  An ugly thing (D:14)
  An elephant (Lair:6)
  A cane toad (Lair:6)
  An anaconda simulacrum (IceCv)
  A polar bear (Lair:6)
  A tarantella (Lair:3)
  3 dream sheep (Lair:5)
  3 yaks
  3 orc warriors (Orc:2)
  An ogre (Orc:2)
  2 wolves
  An orc priest (Orc:2)
  5 orcs (Orc:2)
29 creatures vanquished.

Vanquished Creatures (others)
  A human (D:13)
  2 orc wizards
  An orc (Orc:2)
  33 fungi
  82 plants
  2 withered plants (Gauntlet)
121 creatures vanquished.

Grand Total: 1011 creatures vanquished

Notes
Turn   | Place    | Note
-------+----------+-------------------------------------------
     0 | D:1      | testman the Troll Monk began the quest for the Orb.
     0 | D:1      | Reached XP level 1. HP: 22/22 MP: 0/0
    47 | D:1      | Reached XP level 2. HP: 25/29 MP: 1/1
    52 | D:1      | Found a faded altar of an unknown god.
    61 | D:1      | Prayed at the altar of an unknown god.
    61 | D:1      | Became a worshipper of Makhleb the Destroyer
    61 | D:1      | Reached * piety under Makhleb
    61 | D:1      | Reached ** piety under Makhleb
   305 | D:1      | Reached *** piety under Makhleb
   404 | D:1      | Reached skill level 3 in Fighting
   404 | D:1      | Reached XP level 3. HP: 37/37 MP: 2/2
  1120 | D:2      | Found a runed translucent door.
  1121 | D:2      | Noticed Crazy Yiuf
  1133 | D:2      | Killed Crazy Yiuf
  1134 | D:2      | Reached skill level 1 in Invocations
  1134 | D:2      | Reached XP level 4. HP: 27/45 MP: 3/3
  1508 | D:3      | Found a glowing drain.
  1551 | Sewer    | Entered a sewer
  1715 | Sewer    | Noticed a water moccasin
  1737 | Sewer    | Killed a water moccasin
  1738 | Sewer    | Reached XP level 5. HP: 26/54 MP: 5/5
  2104 | D:3      | Found a basalt altar of Yredelemnul.
  2263 | D:4      | Noticed a black bear
  2264 | D:4      | Found Mixzous's Overcharged Wands.
  2272 | D:4      | Killed a black bear
  2273 | D:4      | Reached skill level 4 in Fighting
  2273 | D:4      | Reached XP level 6. HP: 55/62 MP: 5/7
  2279 | D:4      | Found a shadowy altar of Dithmenos.
  2290 | D:4      | Found Cecw's Distillery.
  2300 | D:4      | Bought a potion of curing for 39 gold pieces
  2300 | D:4      | Bought a potion of heal wounds for 65 gold pieces
  2300 | D:4      | Bought a potion of might for 52 gold pieces
  2300 | D:4      | Bought a potion of degeneration for 13 gold pieces
  2318 | D:4      | Reached **** piety under Makhleb
  2348 | D:4      | HP: 2/62 [ogre/+0 giant spiked club (22)]
  2350 | D:4      | Reached skill level 5 in Unarmed Combat
  2478 | D:4      | Reached XP level 7. HP: 46/71 MP: 8/8
  2489 | D:4      | Found a sand-covered staircase.
  2508 | Ossuary  | Entered an ossuary
  2576 | Ossuary  | Reached skill level 5 in Fighting
  2632 | Ossuary  | Reached XP level 8. HP: 77/80 MP: 10/10
  2865 | D:4      | Reached skill level 5 in Invocations
  3038 | D:4      | Found a glowing golden altar of the Shining One.
  3045 | D:4      | Found a glowing silver altar of Zin.
  3291 | D:5      | Entered Level 5 of the Dungeon
  3572 | D:5      | Reached ***** piety under Makhleb
  3699 | D:5      | Found a bloodstained altar of Trog.
  3820 | D:5      | Reached skill level 6 in Fighting
  3911 | D:5      | Found a staircase to the Ecumenical Temple.
  4087 | D:6      | Noticed Eustachio
  4105 | D:6      | Killed Eustachio
  4182 | D:6      | Reached XP level 9. HP: 34/89 MP: 12/12
  4664 | D:6      | Identified the amulet of the Echidna {Faith -Cast Harm
                  | +Inv}
  4678 | D:6      | Found a shimmering blue altar of Sif Muna.
  5016 | D:7      | Reached skill level 7 in Fighting
  5114 | D:7      | Found a hide-covered altar of Uskayaw.
  5937 | D:8      | Reached XP level 10. HP: 69/102 MP: 14/14
  6034 | D:8      | Noticed a boulder beetle
  6057 | D:8      | Killed a boulder beetle
  6619 | D:8      | Reached skill level 8 in Fighting
  6708 | D:9      | Noticed a two-headed ogre
  6723 | D:9      | Killed a two-headed ogre
  6933 | D:9      | Noticed Psyche
  6941 | D:9      | Killed Psyche
  6942 | D:9      | Reached skill level 10 in Unarmed Combat
  7046 | D:9      | Found a burning altar of Makhleb.
  7073 | D:9      | Found an ornate altar of the Wu Jian Council.
  7338 | D:9      | Found a staircase to the Orcish Mines.
  7490 | D:10     | Entered Level 10 of the Dungeon
  7495 | D:10     | Identified a scroll of acquirement
  7499 | D:10     | Acquired a manual of Fighting
  7712 | D:10     | Found a flagged portal.
  7728 | Bailey   | Entered a bailey
  7809 | Bailey   | Reached skill level 9 in Fighting
  7834 | Bailey   | Reached XP level 11. HP: 90/115 MP: 16/16
  7871 | Bailey   | Noticed a vault guard
  7871 | Bailey   | Noticed Prince Ribbit
  7941 | Bailey   | Noticed a vault guard
  7954 | Bailey   | Killed a vault guard
  8103 | Bailey   | Killed a vault guard
  8108 | Bailey   | Killed Prince Ribbit
  8212 | D:10     | Reached ****** piety under Makhleb
  8215 | D:10     | Noticed a two-headed ogre
  8226 | D:10     | Killed a two-headed ogre
  8227 | D:10     | Reached skill level 10 in Fighting
  8241 | D:10     | Found a staircase to the Lair.
  8332 | D:10     | Noticed a two-headed ogre
  8340 | D:10     | Killed a two-headed ogre
  8400 | D:10     | Found an opulent altar of Gozag.
  8400 | D:10     | Found an ancient bone altar of Kikubaaqudgha.
  8492 | D:10     | Noticed Sonja
  8501 | D:10     | Killed Sonja
  8857 | D:11     | Noticed a boulder beetle
  8870 | D:11     | Killed a boulder beetle
  8871 | D:11     | Reached skill level 10 in Invocations
  8969 | D:11     | Reached skill level 11 in Fighting
  9169 | D:11     | Noticed a two-headed ogre
  9175 | D:11     | Killed a two-headed ogre
  9290 | D:11     | Noticed a centaur warrior
  9300 | D:11     | Killed a centaur warrior
  9301 | D:11     | Reached XP level 12. HP: 77/130 MP: 18/18
  9362 | D:11     | Acquired a manual of Fighting
  9870 | D:12     | Found a hazy altar of Hepliaklqana.
 10044 | D:12     | Reached skill level 12 in Fighting
 10373 | D:13     | Noticed Kirke
 10391 | D:13     | Killed Kirke
 10711 | D:13     | Noticed a boulder beetle
 10727 | D:13     | Killed a boulder beetle
 10795 | D:13     | Noticed a centaur warrior
 10811 | D:13     | Killed a centaur warrior
 11008 | D:13     | Noticed a tengu warrior
 11027 | D:13     | Killed a tengu warrior
 11028 | D:13     | Reached skill level 13 in Fighting
 11140 | D:13     | Found a gate to the Vaults.
 11309 | D:13     | Noticed a seven-headed hydra
 11316 | D:13     | Killed an eight-headed hydra
 11356 | D:13     | Noticed a centaur warrior
 11366 | D:13     | Killed a centaur warrior
 11635 | D:13     | Reached XP level 13. HP: 138/144 MP: 20/20
 11998 | D:14     | Found Imuruhit's Weapon Emporium.
 12150 | D:14     | Noticed a cyan very ugly thing
 12376 | Lair:1   | Entered Level 1 of the Lair of Beasts
 12617 | Lair:1   | Reached skill level 14 in Fighting
 12854 | Lair:1   | Noticed Amaemon
 12879 | Lair:1   | Killed Amaemon
 13291 | Lair:2   | Found a gate leading to a gauntlet.
 13296 | Gauntlet | Entered a Gauntlet
 13296 | Gauntlet | Found a transporter.
 13296 | Gauntlet | Found a transporter.
 13314 | Gauntlet | Found a transporter.
 13314 | Gauntlet | Found a transporter.
 13318 | Gauntlet | Found a transporter.
 13318 | Gauntlet | Found a transporter.
 13344 | Gauntlet | Found a transporter.
 13348 | Gauntlet | Found a transporter.
 13359 | Gauntlet | Found a transporter.
 13369 | Gauntlet | Found a runed translucent door.
 13374 | Gauntlet | Found a transporter.
 13387 | Gauntlet | Found a transporter.
 13391 | Gauntlet | Found a transporter.
 13393 | Gauntlet | Found a runed translucent gate.
 13393 | Gauntlet | Found a runed translucent gate.
 13393 | Gauntlet | Found a runed translucent gate.
 13509 | Gauntlet | Identified the +5 cloak of the Valley of Death {Stlth+}
 13601 | Gauntlet | Identified the +8 hand axe of Yderiliv {freeze, +Blink
                  | rF+++ Str-3}
 13601 | Gauntlet | Noticed a minotaur
 13607 | Gauntlet | Killed a minotaur
 13680 | Gauntlet | Got the Handbook of Ignition and the Escort
 13742 | Lair:2   | Found a dark tunnel.
 13753 | Volcano  | Entered a volcano
 14166 | Volcano  | Found a bloodstained altar of Trog.
 14341 | Volcano  | Reached skill level 15 in Fighting
 14600 | Lair:2   | Found a transporter.
 14606 | Lair:2   | Found a transporter.
 14607 | Lair:2   | Found a bloodstained altar of Trog.
 14607 | Lair:2   | Noticed Pegaph's ghost (journeyman PaAM)
 14821 | Lair:2   | Noticed Harold
 14834 | Lair:2   | Killed Harold
 14835 | Lair:2   | Reached XP level 14. HP: 159/159 MP: 22/22
 15520 | Lair:3   | Found a hole to the Spider Nest.
 15804 | Lair:3   | Reached skill level 15 in Unarmed Combat
 15870 | Lair:3   | Found a staircase to the Shoals.
 16369 | Lair:4   | Reached skill level 16 in Fighting
 17084 | Lair:4   | Found a runed translucent gate.
 17084 | Lair:4   | Found a runed translucent gate.
 17084 | Lair:4   | Noticed sokol815's ghost (journeyman DsMo)
 17085 | Lair:4   | Found a runed translucent gate.
 17502 | Lair:5   | Found a frozen archway.
 17532 | IceCv    | Entered an ice cave
 17702 | IceCv    | Reached XP level 15. HP: 134/172 MP: 24/24
 17761 | IceCv    | Identified the +9 dagger of Fitasouni {venom, Drain rN+++
                  | rCorr SInv}
 18041 | Lair:5   | Reached skill level 17 in Fighting
 18533 | Lair:6   | Entered Level 6 of the Lair of Beasts
 18862 | Lair:6   | Found a staircase to the Slime Pits.
 18862 | Lair:6   | Found a viscous altar of Jiyva.
 19160 | Lair:6   | Reached skill level 15 in Invocations
 19232 | Lair:6   | Identified the +6 demon trident of Regicide {vamp, Will+
                  | Int-3 Stlth+}
 19237 | Lair:6   | Identified the +5 falchion "Diuvel" {freeze, Int+2}
 20249 | Orc:1    | Entered Level 1 of the Orcish Mines
 20558 | Orc:1    | Found Ciblah's Armour Shop.
 20673 | Orc:2    | Entered Level 2 of the Orcish Mines
 21097 | Orc:2    | Found Jumeatetz's Magic Scroll Boutique.
 21127 | Orc:2    | Bought a scroll of identify for 28 gold pieces
 21128 | Orc:2    | Bought a scroll of identify for 28 gold pieces
 21135 | Orc:2    | Found Kyrunod's Weapon Shop.
 21395 | Orc:2    | Identified the +5 hand axe "Mess" {drain, *Slow Dex+7}
 21572 | Orc:2    | Found a staircase to the Elven Halls.
 21712 | Orc:2    | Noticed an orc warlord
 21735 | Orc:2    | Killed an orc warlord
 21754 | Orc:2    | Found Uditul's Antique Weapon Shop.
 22068 | Orc:2    | Reached XP level 16. HP: 172/185 MP: 26/26
 22146 | Orc:2    | Found Hatyekoo's Magic Scroll Emporium.
 22193 | Orc:2    | Bought a scroll of fear for 38 gold pieces
 22193 | Orc:2    | Bought a scroll of holy word for 82 gold pieces
 23196 | D:14     | Noticed Snorg
 23206 | D:14     | Killed Snorg
 23551 | D:15     | Entered Level 15 of the Dungeon
 23581 | D:15     | Identified the +6 dagger "Okkefest" {vorpal, rN+}
 23622 | D:15     | Reached skill level 18 in Fighting
 23716 | D:15     | Found a staircase to the Depths.
 24207 | Spider:1 | Entered Level 1 of the Spider Nest
 24360 | Spider:1 | Noticed Mlioglotl
 24460 | Spider:1 | Slain by Mlioglotl

Illustrated notes

Levels and vault maps discovered:
D:1:      amcnicky_arrival_double_pillar, layout_loops_cross,
          hellmonk_ecumenical_altar_arch_garden, kennysheep_crisscross
D:2:      layout_basic, uniq_crazy_yiuf_cottage
D:3:      layout_rooms, nicolae_overflow_hidden_temple, portal_sewer_entry_a
D:4:      layout_basic, amethyst_overflow_temple_binary,
          mainiacjoe_overflow_paths, nicolae_ossuary_entry_catacombs,
          serial_shops, nicolae_stop_n_shop_1, roderic_batcave,
          nicolae_shop_overcharged_wands
D:5:      layout_loops_cross, nicolae_overflow_crystal_walls,
          minmay_temple_entry_statues_pillars
D:6:      black_bear_nest_1, layout_basic, nicolae_sif_muna_condensation,
          uniq_eustachio
D:7:      layout_layer_cave, lemuel_crystal_altar
D:8:      layout_loops_ring
D:9:      layout_irregular_city, nicolae_wu_jian_immortal_techniques,
          lightli_temple_of_fire, minivault_10, nicolae_wwwww, uniq_psyche
D:10:     layout_basic, gammafunk_temple_overflow_pools,
          erik_lair_orcish_takeover, lightli_bailey_entry_fortress, uniq_sonja
D:11:     layout_basic
D:12:     layout_grid_maze, nicolae_hepliaklqana_hazy_memory
D:13:     layout_stronghold, david_vaults_2, uniq_kirke
D:14:     minmay_bloctagon_deflated, layout_basic, nicolae_figureground_sparkle,
          serial_shops, nicolae_shop_advertising_works
          [nicolae_subvault_shop_adworks], uniq_snorg
D:15:     gammafunk_enter_depths_forms, layout_rooms, serial_bayou_lagoon_a
Lair:1:   layout_roguey, beast_lair_carwin_11, uniq_amaemon
Lair:2:   layout_cave_pods, nicolae_volcano_entry_s_turn,
          gammafunk_ghost_wrathful_warriors, gauntlet_entry_generic,
          st_stairs_10, lemuel_fruit_fields, infiniplex_staircase_pool_2,
          lemuel_fruit_tree, lemuel_fruit_fields, uniq_harold
Lair:3:   layout_hall_layers, elwin_shoals_entry_rooms,
          nicolae_spider_entry_orb_guardian, serial_bayou,
          serial_bayou_crossing, serial_bayou_pond_e, serial_bayou_pond_d,
          serial_bayou_lagoon_b
Lair:4:   nzn_winding_woodlands_large [nzn_winding_woodlands_5x5_perimeter,
          nzn_winding_woodlands_5x15_sawtooth, nzn_winding_woodlands_5x5_three,
          nzn_winding_woodlands_center_pierced_h,
          nzn_winding_woodlands_15x15_killbox,
          nzn_winding_woodlands_center_triple_pond,
          nzn_winding_woodlands_5x5_cross, nzn_winding_woodlands_5x15_twine,
          nzn_winding_woodlands_5x5_default], layout_misc_corridors,
          gammafunk_ghost_hydra_chop, chequers_serial_rivers_room_a
Lair:5:   layout_roguey [special_room_bee], portal_ice_cave_demonic_guard,
          minmay_stone_trees_medium, grunt_forest_large_clearings
Lair:6:   gammafunk_lair_ancient_temple, layout_layer_cave, slime_altar_1,
          chequers_serial_rivers_micro_e, ldierk_geyser
Spider:1: layout_spider_delve, uniq_mlioglotl
Orc:1:    layout_caves, serial_shops, shop
Orc:2:    pubby_orc_utopia

Skill      XL: |  1  2  3  4  5  6  7  8  9 10 11 12 13 14 15 16 |
---------------+-------------------------------------------------+-----
Fighting       | 3 4 5 6 7 9 11 13 15 16 17 18 | 18.2
Invocations    | 1 2 3 4 5 7 8 10 11 13 14 15 16 | 16.1
Unarmed Combat | 4 5 6 7 9 10 11 13 14 15 17 | 17.7
Dodging        | |  2.4
Stealth        | |  1.0

Action                   |  1- 3 |  4- 6 |  7- 9 | 10-12 | 13-15 | 16-18 || total
-------------------------+-------+-------+-------+-------+-------+-------++-------
Melee: Unarmed           |    77 |   145 |   381 |   475 |  1136 |   201 ||  2415
       Punch             |     2 |     2 |    21 |    40 |   121 |    21 ||   207
Throw: Stone             |       |       |     3 |       |       |       ||     3
Invok: Minor Destruction |       |       |    62 |   127 |   128 |    35 ||   352
       Major Destruction |       |       |       |     8 |    15 |     2 ||    25
       Lesser Servant of |       |       |       |     4 |    13 |     3 ||    20
       Greater Servant o |       |       |       |       |     1 |       ||     1
  Use: Scroll            |       |     8 |     1 |    15 |    13 |     1 ||    38
       Potion            |       |     3 |     1 |     2 |     1 |     4 ||    11
 Stab: Sleeping          |     1 |       |     3 |       |     1 |       ||     5
       Distracted        |       |       |       |       |     4 |     1 ||     5
Armor: Robe              |    28 |    41 |    95 |       |       |       ||   164
       Steam dragon scal |       |       |       |   181 |    66 |       ||   247
       Ice dragon scales |       |       |       |       |   519 |   153 ||   672
Dodge: Dodged            |    34 |    54 |   163 |   197 |   411 |    74 ||   933
Block: Other             |       |       |       |       |   186 |    45 ||   231
       Reflection        |       |       |       |       |     1 |     1 ||     2

Table legend: (Time is in decaauts)
 A = Elapsed time spent in this place.
 B = Non-inter-level travel time spent in this place.
 C = Inter-level travel time spent in this place.
 D = Time resting spent in this place.
 E = Time spent auto-exploring this place.
 F = Levels seen in this place.
 G = Mean time per level.
                   A        B        C        D        E       F      G
               +--------+--------+--------+--------+--------+-----+--------+
         Total |  24145 |  22765 |   1380 |   2730 |  14347 |  30 |  804.8 |
       Dungeon |  13010 |  12144 |    866 |   1487 |   7973 |  15 |  867.3 |
          Lair |   6545 |   6199 |    346 |    265 |   4499 |   6 | 1090.8 |
   Spider Nest |     19 |     19 |      0 |      0 |      0 |   1 |   19.0 |
  Orcish Mines |   2343 |   2176 |    167 |    287 |   1407 |   2 | 1171.5 |
         Sewer |    281 |    281 |      0 |    139 |     61 |   1 |  281.0 |
       Ossuary |    199 |    199 |      0 |      0 |     65 |   1 |  199.0 |
        Bailey |    388 |    388 |      0 |    155 |     11 |   1 |  388.0 |
      Ice Cave |    253 |    253 |      0 |    121 |      0 |   1 |  253.0 |
       Volcano |    724 |    724 |      0 |    225 |    215 |   1 |  724.0 |
      Gauntlet |    380 |    380 |      0 |     50 |    115 |   1 |  380.0 |
               +--------+--------+--------+--------+--------+-----+--------+

Top non-repeatable levels by time:
   Orc:2: 1800 daAuts
    D:13: 1767 daAuts
  Lair:6: 1521 daAuts
    D:14: 1165 daAuts
  Lair:4: 1153 daAuts
    D:10: 1072 daAuts
  Lair:2: 1029 daAuts
  Lair:3: 1024 daAuts
     D:7: 966 daAuts
  Lair:5: 925 daAuts
  Lair:1: 890 daAuts
     D:9: 845 daAuts
     D:2: 844 daAuts
     D:6: 832 daAuts
    D:11: 821 daAuts
